 Dungeon Crawl Stone Soup version 0.29.1-13-g9f3cf754e1 (webtiles) character file.

Game seed: 16944767550826547890

197 javelincjr the Conjurer (level 5, 0/39 HPs)
             Began as a Draconian Conjurer on Feb 11, 2023.
             Succumbed to a killer bee's poison
             ... on level 4 of the Dungeon.
             The game lasted 00:14:33 (3884 turns).

javelincjr the Conjurer (Draconian Conjurer)        Turns: 3884, Time: 00:14:33

Health: 0/39       AC:  6    Str: 11    XL:     5   Next: 46%
Magic:  4/9        EV: 12    Int: 19    God:
Gold:   121        SH:  0    Dex:  9    Spells: 6/9 levels left

rFire   + . .      SeeInvis .   q - +2 dagger (venom)
rCold   + . .      Faith    .   (no shield)
rNeg    + . .      Spirit   .   (body armour unavailable)
rPois   +          Reflect  .   (helmet restricted)
rElec   +          Harm     .   o - scarf {+Inv}
rCorr   +          Rampage  .   l - +0 pair of gloves
Will    .....                   (no boots)
Stlth   ++........              (no amulet)
HPRegen 0.13/turn               b - ring of positive energy
MPRegen 0.11/turn               (no ring)

@: brilliant, lethally poisoned (0 -> -3), resistant, invisible
A: AC +5, unfitting armour, cold-blooded
a: Evoke Invisibility


You were on level 4 of the Dungeon.
You visited 1 branch of the dungeon, and saw 4 of its levels.

You collected 121 gold pieces.

Inventory:

Hand Weapons
 h - a +1 sling of flaming
 i - a +0 dagger of flaming
 q - a +2 dagger of venom (weapon)
Missiles
 m - 2 boomerangs
Armour
 e - a +0 cloak
 l - a +0 pair of gloves (worn)
 o - a scarf of invisibility (worn)
Jewellery
 b - a ring of positive energy (left hand)
Wands
 p - a wand of flame (14)
Scrolls
 c - 7 scrolls of identify {unknown}
 d - a scroll of poison {unknown}
 g - a scroll of magic mapping
Potions
 a - 2 potions of magic
 f - a potion of resistance
 j - a potion of brilliance


   Skills:
 + Level 0.6 Fighting
 + Level 0.9 Short Blades
 + Level 2.1 Dodging
 + Level 2.2 Stealth
 + Level 2.9 Spellcasting
 + Level 5.5 Conjurations
 * Level 1.1 Evocations


You had 6 spell levels left.
You knew the following spells:

 Your Spells              Type           Power      Damage    Failure   Level
a - Magic Dart            Conj           100%       1d8       1%          1
b - Searing Ray           Conj           70%        2d7       2%          2

Your spell library contained the following spells:

 Spells                   Type           Power      Damage    Failure   Level
 Dazzling Flash           Conj/Hex       40%        N/A       14%         3
 Slow                     Hex            16%        N/A       16%         1
 Call Canine Familiar     Summ           4%         N/A       43%         3
 Confusing Touch          Hex            4%         N/A       43%         3
 Portal Projectile        Hex/Tloc       8%         N/A       43%         3
 Vampiric Draining        Necr           4%         2d6       43%         3
 Fulminant Prism          Conj/Hex       10%        3d9       43%         4
 Iskenderun's Mystic Bla  Conj/Tloc      20%        2d6       43%         4
 Leda's Liquefaction      Hex/Erth       2%         N/A       83%         4


Dungeon Overview and Level Annotations

Branches:
Dungeon (4/15)
 Temple: D:4-7

Altars:
Dithmenos
Kikubaaqudgha
Ru
Yredelemnul


Innate Abilities, Weirdness & Mutations

Your plain brown scales are hard. (AC +5)
You cannot fit into any form of body armour.
You are cold-blooded and may be slowed by cold attacks.


Message History

The killer bee stings you but does no damage.
You closely miss the killer bee.
Your tail-slap misses the killer bee.
The killer bee is moderately wounded.
You feel sick. The killer bee barely misses you. The killer bee stings you.
You are too injured to fight recklessly!
Casting: Magic Dart (safe; 1% risk of failure)
Confirm with . or Enter, or press ? or * to list all spells.
Aiming: Searing Ray (safe; 2% risk of failure)
Press: ? - help, Shift-Dir - straight line, f - killer bee
Aim: a killer bee (heavily wounded, poisoned, 55% to hit)
The searing ray hits the killer bee.
The killer bee is severely wounded. (Press . to maintain the ray.)
You feel sick. The killer bee barely misses you. The killer bee stings you.
* * * LOW HITPOINT WARNING * * *
You are lethally poisoned!
The killer bee poisons you!
Unknown command.
The searing ray hits the killer bee.
You kill the killer bee!
* * * LOW HITPOINT WARNING * * *
You feel very sick.
Your Evocations skill increases to level 1!
* * * LOW HITPOINT WARNING * * *
You feel sick.
It was a potion of resistance.
You feel protected.
* * * LOW HITPOINT WARNING * * *
You feel sick.
It was a potion of brilliance.
You feel clever all of a sudden.
* * * LOW HITPOINT WARNING * * *
You feel sick.
It was a potion of invisibility.
You fade into invisibility!
* * * LOW HITPOINT WARNING * * *
You feel sick.
As you read the scroll labelled ULUG LI ZASM, it crumbles to dust.
You feel aware of your surroundings.
It was a scroll of magic mapping.
You die...

,,*,*,,,,*,,,,,,,,,#.* #.#######
*,,,,,*,,,,,**,,,**#.* #........
,*,,*,,,,..**,,****#.# #........
,,,,,,,,,...,,** #..####........
,,,*,,,,,...##* #.#...#........
*,,,,,,,,,,...#####.#.###........
,,,,,,,.,,**#..##................
,,,**,,...,**#......#..##........
*,***,,..[.###..@#.##.###........
,,**,,,.......†..#.##.# ####..###
,,,,,,,,....#....#....# **.##
****,***##*#.†#...[...#****,.#
***,*,,~~~..#.###..##.....*,,**
,,,*,,~...~,.#.....######..,,,*
*,*,,,~._.~..,#....# ***,*,*
,,,*,,~..,~..#.##..# **,*,***
,,,,*,,~~~..#.#*#..# *,,,,,,,


There were no monsters in sight!

Vanquished Creatures
  A killer bee (D:4)
  5 adders
  A worm (D:4)
  4 dart slugs
  4 orcs
  9 ball pythons
  8 bats
  5 endoplasms
  2 giant cockroaches
  8 goblins
  7 hobgoblins
  12 jackals
  6 kobolds
  4 quokkas
  2 frilled lizards (D:2)
  6 rats
84 creatures vanquished.

Notes
Turn   | Place    | Note
-------+----------+-------------------------------------------
     0 | D:1      | javelincjr the Draconian Conjurer began the quest for the
                  | Orb.
     0 | D:1      | Reached XP level 1. HP: 14/14 MP: 3/3
   174 | D:1      | Reached XP level 2. HP: 20/20 MP: 1/5
   837 | D:1      | Reached XP level 3. HP: 24/26 MP: 2/6
  1360 | D:2      | Reached skill level 5 in Conjurations
  1420 | D:2      | Found a faded altar of an unknown god.
  2004 | D:2      | Reached XP level 4. HP: 33/33 MP: 0/7
  2254 | D:2      | Found an ancient bone altar of Kikubaaqudgha.
  2637 | D:2      | Learned a level 2 spell: Searing Ray
  2920 | D:3      | Found a shadowy altar of Dithmenos.
  3466 | D:3      | Reached XP level 5. HP: 36/36 MP: 5/9
  3796 | D:4      | Found a basalt altar of Yredelemnul.
  3864 | D:4      | Found a sacrificial altar of Ru.
  3880 | D:4      | Reached skill level 1 in Evocations
  3883 | D:4      | HP: 1/39 [poisoned by a killer bee]
  3884 | D:4      | Succumbed to a killer bee's poison

Illustrated notes

Levels and vault maps discovered:
D:1:      nicolae_arrival_memento_mori, layout_loops_ring, chequers_arboretum
D:2:      layout_loops_ring, basic_altar,
          hellmonk_ecumenical_altar_leap_of_faith
D:3:      layout_loops_cross, grunt_dithmenos_smoke_and_mirrors
D:4:      layout_rooms, lemuel_coloured_pillars_altar, nicolae_ru_awakened_eye,
          uniq_robin

Skill      XL: |  1  2  3  4  5 |
---------------+----------------+-----
Conjurations   | 5 |  5.5
Stealth        | 2 |  2.2
Dodging        | 2 |  2.1
Evocations     | 1 |  1.1
Fighting       | |  0.6
Short Blades   | |  0.9
Spellcasting   | |  2.9

Action                   |  1- 3 |  4- 6 || total
-------------------------+-------+-------++-------
Melee: Dagger            |    39 |    39 ||    78
       Tailslap          |     5 |     4 ||     9
       Punch             |     1 |       ||     1
 Cast: Magic Dart        |    77 |    58 ||   135
       Searing Ray       |       |     4 ||     4
  Use: Potion            |       |     3 ||     3
       Scroll            |       |     1 ||     1
Armor: Skin              |     7 |    25 ||    32
Dodge: Dodged            |    41 |    41 ||    82
